AoeStats
← toomuchdog

Arena

506784764Analyzed
1v1 RM · 19d ago on Sep 15, 2026· 37m 26s· 2 players
Game mode
Random Map
Map size
Tiny (2 player)
Population
200
Speed
Normal
Resources
Standard
Victory
Conquest
Starting age
Dark Age
Ending age
Imperial Age
RankedLock teamsTeams togetherTeam positionsShared explorationLock speedFull tech treeHidden civsTurbo modeCheats
Victory
Defeat
🇨🇴 Italians · Colombia
1299
+18
🇨🇦 Khmer · Canada
1353
-18
jchernandez2
10:04 Feudal Age
14:15 Castle Age
12:27 Double-Bit Axe
13:22 Loom
15:58 Fletching
20:30 Horse Collar
25:59 Imperial Age
23:56 Bodkin Arrow
26:09 Masonry
27:50 Chemistry
30:12 Bracer
33:42 Ballistics
35:28 Architecture
35:38 Squires
35:39 Scale Mail Armor
37:02 Padded Archer Armor
toomuchdog
11:03 Feudal Age
13:44 Castle Age
11:30 Double-Bit Axe
15:21 Bow Saw
17:40 Stone Mining
18:04 Loom
19:27 Stone Shaft Mining
18:45 Gold Mining
19:46 Horse Collar
20:54 Town Watch
25:50 Imperial Age
23:57 Bloodlines
25:57 Husbandry
26:25 Capped Ram
28:39 Chemistry
30:08 Ballistics
30:37 Elite Skirmisher
32:47 Fletching
34:04 Bodkin Arrow
36:11 Bracer
36:11 Padded Archer Armor
36:19 Light Cavalry
37:05 Scale Barding Armor
38:05 Leather Archer Armor
Connection lost

Rejoining the realm…

Still unreachable

The connection could not be restored.

Session expired

The server has moved on; the page needs a fresh start.